Wolfpack vs Comets
Created - January 20, 2025 at 19:49
Goals
|
| Wolfpack |
1 |
0 |
1 |
2 |
| Comets |
3 |
0 |
1 |
4 |
|
Shots
|
| Wolfpack |
18 |
8 |
10 |
36 |
| Comets |
12 |
11 |
9 |
32 |
|
1st period
1. Comets , Conor Garland 12 (Mason Marchment 13, Brett Howden 16) at 6:05 (PP)
2. Comets , Valeri Nichushkin 9 (Brett Seney 21, Joonas Donskoi 19) at 12:15
3. Comets , Joonas Donskoi 20 (Wyatt Kalynuk 7, Brett Seney 22) at 13:55
4. Wolfpack , Alexander Barabanov 17 (Alex Barre-Boulet 19, Cale Fleury 6) at 16:43 (SH)
Penalties :
Ryan Culkin (Har) for Slashing (Minor) at 1:52, Ryan Culkin (Har) for Tripping (Minor) at 4:50, Wyatt Kalynuk (Uti) for Slashing (Minor) at 6:44, Owen Tippet (Har) for Slashing (Minor) at 15:45
2nd period
No Goal
Penalties :
Nolan Patrick (Har) for High sticking (Minor) at 2:45
3rd period
5. Wolfpack , Jake Marchment 6 (Dante Fabbro 1, Jeffrey Viel 1) at 5:36
6. Comets , Brett Seney 19 (Christian Wolanin 14, Conor Garland 26) at 19:37 (Empty Net)
Penalties :
Jake Bean (Uti) for Slashing (Minor) at 7:58, Nolan Patrick (Har) for Delaying the game (Minor) at 15:40
Goalie Stats
Samuel Ersson (Har), 28 saves from 31 shots - (0.903), L, 5-8-2, 59:08 minutes
Juuse Saros (Uti), 34 saves from 36 shots - (0.944), W, 13-7-3, 60:00 minutes
Players Stats for Wolfpack
Player Name G A P +/- PIM S H SB GA TA FO MP PP MP PK MP
------------------------------------------------------------------------------------
Alex Barre-Boulet 0 1 1 -1 0 1 0 1 1 0 2/8 17:35 1:44 2:00
Alexander Barabanov 1 0 1 0 0 4 2 0 0 1 1/2 20:29 1:44 4:07
Andrei Altybarmakyan 0 0 0 0 0 3 0 0 0 0 0/0 7:38 0:00 0:00
Cale Fleury 0 1 1 -1 0 0 0 0 0 0 0/0 20:40 1:19 4:11
Colton White 0 0 0 0 0 0 4 1 0 1 0/0 27:10 2:39 5:06
Dante Fabbro 0 1 1 0 0 0 1 0 0 0 0/0 12:16 0:00 0:00
Derrick Pouliot 0 0 0 0 0 5 2 3 0 0 0/0 26:56 2:39 5:23
Dryden Hunt 0 0 0 -1 0 1 1 2 0 2 0/1 20:30 2:13 4:51
Jake Marchment 1 0 1 0 0 10 2 1 0 0 5/7 12:52 0:01 1:58
Jakub Lauko 0 0 0 0 0 1 1 0 0 0 0/0 7:38 0:00 0:00
Jeffrey Viel 0 1 1 0 0 1 3 1 0 1 2/2 12:17 0:01 1:07
Joshua Jacobs 0 0 0 -1 0 0 1 0 0 0 0/0 14:14 0:00 1:22
Linus Sandin 0 0 0 0 0 3 1 1 0 0 0/0 10:53 0:01 0:00
Mikhail Vorobyev 0 0 0 0 0 0 1 0 0 0 1/1 10:39 0:00 1:22
Nolan Patrick 0 0 0 0 4 1 1 2 1 1 10/27 19:37 2:13 2:57
Owen Tippet 0 0 0 -1 2 1 1 0 0 0 1/1 14:58 1:44 0:00
Ryan Culkin 0 0 0 0 4 3 1 1 2 0 0/0 18:43 1:19 2:20
Sebastian Collberg 0 0 0 -1 0 2 0 0 0 1 0/2 15:39 2:13 0:00
Players Stats for Comets
Player Name G A P +/- PIM S H SB GA TA FO MP PP MP PK MP
------------------------------------------------------------------------------------
Alex Turcotte 0 0 0 0 0 0 0 0 0 0 0/0 7:38 0:00 0:00
Alexandre Texier 0 0 0 -1 0 4 0 0 0 1 0/0 11:32 0:10 0:00
Brett Howden 0 1 1 -1 0 2 1 1 0 0 2/10 17:48 4:20 0:56
Brett Seney 1 2 3 3 0 4 1 0 2 0 24/34 22:03 4:41 2:03
Christian Wolanin 0 1 1 0 0 0 3 0 0 0 0/0 24:27 4:52 2:08
Conor Garland 1 1 2 0 0 2 1 0 0 0 0/0 17:23 4:20 0:00
David Kase 0 0 0 0 0 1 0 0 0 0 0/0 7:38 0:00 0:00
Eeli Tolvanen 0 0 0 -1 0 0 1 0 0 0 0/0 12:31 0:10 0:59
Filip Roos 0 0 0 0 0 0 0 0 0 0 0/0 4:03 0:00 0:00
Ilya Lyubushkin 0 0 0 0 0 2 0 0 1 1 0/0 27:25 4:52 2:08
Jake Bean 0 0 0 1 2 1 1 0 0 1 0/0 18:32 4:19 0:52
John Hayden 0 0 0 -1 0 0 0 1 0 0 1/4 12:05 0:10 0:33
Joonas Donskoi 1 1 2 2 0 5 1 0 0 0 0/0 19:24 4:41 0:00
Marcus Bjork 0 0 0 0 0 2 1 3 0 0 0/0 13:21 0:00 1:19
Mason Marchment 0 1 1 -1 0 0 0 1 1 1 0/0 18:14 4:20 1:22
Nikita Nesterenko 0 0 0 0 0 1 0 0 0 0 1/2 7:38 0:00 0:00
Valeri Nichushkin 1 0 1 3 0 3 2 0 2 0 1/1 22:03 4:41 2:03
Vincent Desharnais 0 0 0 0 0 1 1 0 0 0 0/0 12:33 0:00 0:31
Wyatt Kalynuk 0 1 1 1 2 4 0 1 1 0 0/0 19:42 4:19 0:58
3 Stars
1 - Brett Seney (Uti)
2 - Joonas Donskoi (Uti)
3 - Valeri Nichushkin (Uti)
Power Play
Wolfpack - 0 on 2 Attempt(s) - 0.00%
Comets - 1 on 5 Attempt(s) - 20.00%
Penalty Kill
Wolfpack - 4 on 5 Attempt(s) - 80.00%
- Score 1 goal in Penalty Kill
Comets - 2 on 2 Attempt(s) - 100.00%
- Score 0 goal in Penalty Kill
Team Stat
Wolfpack - Hits : 22 - Faceoff Wins : 22 - Blocked Shots : 13 - Penalty Minutes : 10
Comets - Hits : 13 - Faceoff Wins : 29 - Blocked Shots : 7 - Penalty Minutes : 4
Official
Referees : Garrett Rank and Dan O'Rourke
Linesman : Michel Cormier and Ryan Daisy
Game Notes
Brett Seney has scored in a empty net!
Finance
Level 1 -- Attendance: 1969 (98.45%) -- Ticket Income $137,830
Level 2 -- Attendance: 1000 (100.00%) -- Ticket Income $40,000
Total Attendance: 2969 (98.97%)
Total Ticket Income: $177,830
Other Income: $8,892
Total Income: $186,722
Wolfpack
5 vs 5 Forward
Center Left Wing Right Wing Time % Phy DF OF
1 Nolan Patrick Dryden Hunt Sebastian Collberg 40 1 2 2
2 Alex Barre-Boulet Alexander Barabanov Owen Tippet 30 1 2 2
3 Jake Marchment Jeffrey Viel Linus Sandin 20 1 2 2
4 Mikhail Vorobyev Jakub Lauko Andrei Altybarmakyan 10 1 2 2
5 vs 5 Defense
Defense Defense Time % Phy DF OF
1 Derrick Pouliot Colton White 40 1 2 2
2 Ryan Culkin Cale Fleury 30 1 2 2
3 Joshua Jacobs Dante Fabbro 20 1 2 2
4 Derrick Pouliot Colton White 10 1 2 2
PowerPlay Forward
Center Left Wing Right Wing Time % Phy DF OF
1 Nolan Patrick Dryden Hunt Sebastian Collberg 60 1 2 2
2 Alex Barre-Boulet Alexander Barabanov Owen Tippet 40 1 2 2
PowerPlay Defense
Defense Defense Time % Phy DF OF
1 Derrick Pouliot Colton White 60 1 2 2
2 Ryan Culkin Cale Fleury 40 1 2 2
Penalty Kill 4 Players Forward
Center Wing Time % Phy DF OF
1 Nolan Patrick Dryden Hunt 60 1 2 2
2 Alex Barre-Boulet Alexander Barabanov 40 1 2 2
Penalty Kill 4 Players Defense
Defense Defense Time % Phy DF OF
1 Derrick Pouliot Colton White 60 1 2 2
2 Ryan Culkin Cale Fleury 40 1 2 2
Penalty Kill - 3 Players Forward
Forward Time % Phy DF OF
1 Nolan Patrick 60 1 2 2
2 Alex Barre-Boulet 40 1 2 2
Penalty Kill - 3 Players Defense
Defense Defense Time % Phy DF OF
1 Derrick Pouliot Colton White 60 1 2 2
2 Ryan Culkin Cale Fleury 40 1 2 2
4 vs 4 Forward
Center Wing Time % Phy DF OF
1 Nolan Patrick Dryden Hunt 60 1 2 2
2 Alex Barre-Boulet Alexander Barabanov 40 1 2 2
4 vs 4 Defense
Defense Defense Time % Phy DF OF
1 Derrick Pouliot Colton White 60 1 2 2
2 Ryan Culkin Cale Fleury 40 1 2 2
Last Minutes Offensive
Center Left Wing Right Wing Defense Defense
Nolan Patrick Dryden Hunt Sebastian Collberg Derrick Pouliot Colton White
Last Minutes Defensive
Center Left Wing Right Wing Defense Defense
Nolan Patrick Dryden Hunt Sebastian Collberg Derrick Pouliot Colton White
Goaltenders
Starting : Samuel Ersson
Backup : Charlie Lindgren
Extra Forwards
Normal : Alexander Barabanov, Alex Barre-Boulet, Jake Marchment - PP : Alexander Barabanov, Alex Barre-Boulet - PK : Alexander Barabanov
Extra Defensemen
Normal : Cale Fleury, Joshua Jacobs, Dante Fabbro - PP : Cale Fleury - PK : Cale Fleury, Joshua Jacobs
Penalty Shots
Sebastian Collberg, Nolan Patrick, Owen Tippet, Dryden Hunt, Alexander Barabanov
Custom OT Lines Forwards
Sebastian Collberg, Nolan Patrick, Owen Tippet, Dryden Hunt, Alexander Barabanov, Alex Barre-Boulet, Jake Marchment, Linus Sandin, Andrei Altybarmakyan, Mikhail Vorobyev
Custom OT Lines Defensemen
Derrick Pouliot, Colton White, Ryan Culkin, Cale Fleury, Joshua Jacobs
Scratches
Ryan Poehling (Healthy), Mason Shaw (Healthy), Ben Jones (Healthy), Samuel Houde (Healthy), K'Andre Miller (Healthy)
Dylan Samberg (Healthy), Shane Pinto (Healthy), Andrew Peeke (Healthy), Yegor Korshkov (Severed Right Wrist Tendon Injury), Alexander Volkov (Healthy)
Jack Drury (Healthy), Martin Kaut (Healthy), Mathias Laferriere (Healthy), Maxwell Crozier (Healthy), Will Francis (Healthy)
Dustin Wolf (Healthy)
Comets
5 vs 5 Forward
Center Left Wing Right Wing Time % Phy DF OF
1 Brett Seney Valeri Nichushkin Joonas Donskoi 40 0 2 3
2 Brett Howden Mason Marchment Conor Garland 30 0 2 3
3 John Hayden Eeli Tolvanen Alexandre Texier 20 0 2 3
4 Nikita Nesterenko Alex Turcotte David Kase 10 0 2 3
5 vs 5 Defense
Defense Defense Time % Phy DF OF
1 Ilya Lyubushkin Christian Wolanin 40 0 3 2
2 Jake Bean Wyatt Kalynuk 30 0 3 2
3 Marcus Bjork Vincent Desharnais 20 0 3 2
4 Filip Roos Ilya Lyubushkin 10 0 3 2
PowerPlay Forward
Center Left Wing Right Wing Time % Phy DF OF
1 Brett Seney Valeri Nichushkin Joonas Donskoi 60 0 1 4
2 Brett Howden Mason Marchment Conor Garland 40 0 1 4
PowerPlay Defense
Defense Defense Time % Phy DF OF
1 Ilya Lyubushkin Christian Wolanin 60 0 2 3
2 Jake Bean Wyatt Kalynuk 40 0 2 3
Penalty Kill 4 Players Forward
Center Wing Time % Phy DF OF
1 Brett Seney Valeri Nichushkin 60 1 3 1
2 Brett Howden Mason Marchment 40 1 3 1
Penalty Kill 4 Players Defense
Defense Defense Time % Phy DF OF
1 Ilya Lyubushkin Christian Wolanin 60 1 4 0
2 Jake Bean Wyatt Kalynuk 40 1 4 0
Penalty Kill - 3 Players Forward
Forward Time % Phy DF OF
1 Brett Seney 60 1 3 1
2 Brett Howden 40 1 3 1
Penalty Kill - 3 Players Defense
Defense Defense Time % Phy DF OF
1 Ilya Lyubushkin Christian Wolanin 60 1 4 0
2 Jake Bean Wyatt Kalynuk 40 1 4 0
4 vs 4 Forward
Center Wing Time % Phy DF OF
1 Brett Seney Valeri Nichushkin 60 0 2 3
2 Brett Howden Mason Marchment 40 0 2 3
4 vs 4 Defense
Defense Defense Time % Phy DF OF
1 Ilya Lyubushkin Christian Wolanin 60 0 3 2
2 Jake Bean Wyatt Kalynuk 40 0 3 2
Last Minutes Offensive
Center Left Wing Right Wing Defense Defense
Brett Seney Valeri Nichushkin Conor Garland Ilya Lyubushkin Christian Wolanin
Last Minutes Defensive
Center Left Wing Right Wing Defense Defense
Brett Seney Valeri Nichushkin Conor Garland Ilya Lyubushkin Christian Wolanin
Goaltenders
Starting : Juuse Saros
Backup : Akira Schmid
Extra Forwards
Normal : Mason Marchment, Brett Howden, Alexandre Texier - PP : Mason Marchment, Brett Howden - PK : Mason Marchment
Extra Defensemen
Normal : Marcus Bjork, Vincent Desharnais, Filip Roos - PP : Marcus Bjork - PK : Marcus Bjork, Vincent Desharnais
Penalty Shots
Valeri Nichushkin, Conor Garland, Brett Seney, Joonas Donskoi, Mason Marchment
Custom OT Lines Forwards
Valeri Nichushkin, Conor Garland, Brett Seney, Joonas Donskoi, Mason Marchment, Brett Howden, Alexandre Texier, Eeli Tolvanen, John Hayden, David Kase
Custom OT Lines Defensemen
Ilya Lyubushkin, Christian Wolanin, Jake Bean, Wyatt Kalynuk, Marcus Bjork
Scratches
Cristiano Digiacinto (Healthy), Nicolas Roy (Sports Hernia Injury), Graeme Clarke (Healthy)
% Time on Ice - Wolfpack
Lines # - Real PCT - Wanted PCT - Time Play
Normal Forward
1 - 32% - 40% - 14:51
2 - 29% - 30% - 13:15
3 - 23% - 20% - 10:31
4 - 17% - 10% - 7:38
Normal Defense
1 - 40% - 40% - 18:22
2 - 33% - 30% - 15:06
3 - 27% - 20% - 12:16
4 - 1% - 10% - 0:31
PP Forward
1 - 56% - 60% - 2:14
2 - 44% - 40% - 1:44
PP Defense
1 - 67% - 60% - 2:39
2 - 33% - 40% - 1:19
PK Forward
1 - 78% - 60% - 7:11
2 - 22% - 40% - 2:00
PK Defense
1 - 54% - 60% - 5:00
2 - 46% - 40% - 4:11
PK3 Forward
1 - 0% - 60%
2 - 0% - 40%
PK3 Defense
1 - 0% - 60%
2 - 0% - 40%
44 Forward
1 - 0% - 60%
2 - 0% - 40%
44 Defense
1 - 0% - 60%
2 - 0% - 40%
Last Minute Offensive - 0:36
Last Minute Defensive - 0:00
Total
Forward - 60:00
Defense - 60:00
|
% Time on Ice - Comets
Lines # - Real PCT - Wanted PCT - Time Play
Normal Forward
1 - 35% - 40% - 16:05
2 - 27% - 30% - 12:32
3 - 22% - 20% - 10:00
4 - 17% - 10% - 7:38
Normal Defense
1 - 36% - 40% - 16:51
2 - 29% - 30% - 13:19
3 - 26% - 20% - 12:02
4 - 9% - 10% - 4:03
PP Forward
1 - 53% - 60% - 4:51
2 - 47% - 40% - 4:20
PP Defense
1 - 53% - 60% - 4:52
2 - 47% - 40% - 4:19
PK Forward
1 - 76% - 60% - 3:02
2 - 24% - 40% - 0:56
PK Defense
1 - 54% - 60% - 2:08
2 - 46% - 40% - 1:50
PK3 Forward
1 - 0% - 60%
2 - 0% - 40%
PK3 Defense
1 - 0% - 60%
2 - 0% - 40%
44 Forward
1 - 0% - 60%
2 - 0% - 40%
44 Defense
1 - 0% - 60%
2 - 0% - 40%
Last Minute Offensive - 0:00
Last Minute Defensive - 0:36
Total
Forward - 60:00
Defense - 60:00
|
Play-by-Play
1st period
0:01 of 1st period - Brett Seney wins face-off versus Nolan Patrick in neutral zone.
0:05 of 1st period - Off-side.
0:06 of 1st period - Nolan Patrick wins face-off versus Brett Seney in neutral zone.
0:19 of 1st period - Backhand shot by Valeri Nichushkin.
0:19 of 1st period - Shot Misses the Net.
0:59 of 1st period - Christian Wolanin is hit by Colton White and loses puck.
1:28 of 1st period - Snap shot by Alex Barre-Boulet.
1:28 of 1st period - Stopped by Juuse Saros with a rebound.
1:30 of 1st period - Wrist shot by Alexander Barabanov.
1:30 of 1st period - Stopped by Juuse Saros without a rebound.
1:31 of 1st period - Jake Marchment wins face-off versus John Hayden in Comets zone.
1:46 of 1st period - Slapshot by Jake Bean.
1:46 of 1st period - Shot Blocked by Jake Marchment.
1:52 of 1st period - Minor Penalty to Ryan Culkin for Slashing.
1:53 of 1st period - Brett Seney wins face-off versus Nolan Patrick in Wolfpack zone.
1:56 of 1st period - Snap shot by Brett Seney.
1:56 of 1st period - Stopped by Samuel Ersson with a rebound.
1:58 of 1st period - Wrist shot by Joonas Donskoi.
1:58 of 1st period - Shot Misses the Net.
2:00 of 1st period - Wrist shot by Jake Bean.
2:00 of 1st period - Shot Misses the Net.
2:02 of 1st period - Snap shot by Brett Seney.
2:02 of 1st period - Shot Misses the Net.
2:04 of 1st period - Slapshot by Jake Bean.
2:04 of 1st period - Shot Misses the Net.
3:52 of 1st period - Penalty to Ryan Culkin is over, Ryan Culkin is back on ice.
3:58 of 1st period - Wrist shot by Andrei Altybarmakyan.
3:58 of 1st period - Stopped by Juuse Saros with a rebound.
4:06 of 1st period - Joshua Jacobs is hit by Christian Wolanin and loses puck.
4:17 of 1st period - Marcus Bjork is hit by Dante Fabbro and loses puck.
4:24 of 1st period - Slapshot by Linus Sandin.
4:24 of 1st period - Deflect By Jake Marchment.
4:24 of 1st period - Shot Blocked by Marcus Bjork.
4:24 of 1st period - Puck is out of play.
4:25 of 1st period - Jake Marchment wins face-off versus John Hayden in Comets zone.
4:26 of 1st period - Snap shot by Ryan Culkin.
4:26 of 1st period - Deflect By Jake Marchment.
4:26 of 1st period - Stopped by Juuse Saros with a rebound.
4:28 of 1st period - Slapshot by Jake Marchment.
4:28 of 1st period - Stopped by Juuse Saros without a rebound.
4:29 of 1st period - Jeffrey Viel wins face-off versus John Hayden in Comets zone.
4:30 of 1st period - Slapshot by Ryan Culkin.
4:30 of 1st period - Stopped by Juuse Saros with a rebound.
4:32 of 1st period - Snap shot by Jake Marchment.
4:32 of 1st period - Stopped by Juuse Saros with a rebound.
4:34 of 1st period - Slapshot by Jake Marchment.
4:34 of 1st period - Stopped by Juuse Saros with a rebound.
4:50 of 1st period - Minor Penalty to Ryan Culkin for Tripping.
4:51 of 1st period - Valeri Nichushkin wins face-off versus Nolan Patrick in Wolfpack zone.
5:59 of 1st period - Snap shot by Conor Garland.
5:59 of 1st period - Shot Hit the Post.
6:01 of 1st period - Wrist shot by Brett Howden.
6:01 of 1st period - Shot Misses the Net.
6:03 of 1st period - Wrist shot by Brett Howden.
6:03 of 1st period - Shot Misses the Net.
6:05 of 1st period - Snap shot by Mason Marchment.
6:05 of 1st period - Deflect By Conor Garland.
6:05 of 1st period - Goal by Conor Garland - Wolfpack : 0 - Comets : 1.
6:06 of 1st period - Brett Seney wins face-off versus Nolan Patrick in neutral zone.
6:09 of 1st period - Snap shot by Valeri Nichushkin.
6:09 of 1st period - Stopped by Samuel Ersson without a rebound.
6:10 of 1st period - Brett Seney wins face-off versus Nolan Patrick in Wolfpack zone.
6:11 of 1st period - Wrist shot by Valeri Nichushkin.
6:11 of 1st period - Stopped by Samuel Ersson without a rebound.
6:12 of 1st period - Brett Seney wins face-off versus Sebastian Collberg in Wolfpack zone.
6:44 of 1st period - Minor Penalty to Wyatt Kalynuk for Slashing.
6:45 of 1st period - Nolan Patrick wins face-off versus Brett Seney in Comets zone.
6:55 of 1st period - Snap shot by Sebastian Collberg.
6:55 of 1st period - Stopped by Juuse Saros with a rebound.
6:57 of 1st period - Wrist shot by Nolan Patrick.
6:57 of 1st period - Shot Misses the Net.
6:59 of 1st period - Slapshot by Derrick Pouliot.
6:59 of 1st period - Shot Misses the Net.
7:01 of 1st period - Snap shot by Sebastian Collberg.
7:01 of 1st period - Shot Misses the Net.
7:54 of 1st period - Jake Bean is hit by Alexander Barabanov and loses puck.
8:44 of 1st period - Penalty to Wyatt Kalynuk is over, Wyatt Kalynuk is back on ice.
9:15 of 1st period - Snap shot by Mikhail Vorobyev.
9:15 of 1st period - Shot Misses the Net.
9:17 of 1st period - Wrist shot by Andrei Altybarmakyan.
9:17 of 1st period - Shot Misses the Net.
9:45 of 1st period - Brett Seney is hit by Joshua Jacobs and loses puck.
11:14 of 1st period - Colton White is hit by Valeri Nichushkin and loses puck.
11:49 of 1st period - Wrist shot by David Kase.
11:49 of 1st period - Stopped by Samuel Ersson with a rebound.
11:55 of 1st period - Marcus Bjork is hit by Alexander Barabanov.
12:09 of 1st period - Snap shot by John Hayden.
12:09 of 1st period - Deflect By Alexandre Texier.
12:09 of 1st period - Shot Blocked by Jeffrey Viel.
12:09 of 1st period - Puck is out of play.
12:10 of 1st period - Brett Seney wins face-off versus Jake Marchment in Wolfpack zone.
12:11 of 1st period - Backhand shot by Joonas Donskoi.
12:11 of 1st period - Shot Misses the Net.
12:13 of 1st period - Snap shot by Joonas Donskoi.
12:13 of 1st period - Stopped by Samuel Ersson with a rebound.
12:15 of 1st period - Slapshot by Brett Seney.
12:15 of 1st period - Deflect By Valeri Nichushkin.
12:15 of 1st period - Goal by Valeri Nichushkin - Wolfpack : 0 - Comets : 2.
12:16 of 1st period - Brett Seney wins face-off versus Nolan Patrick in neutral zone.
12:47 of 1st period - Off-side.
12:48 of 1st period - Alex Barre-Boulet wins face-off versus Brett Seney in neutral zone.
13:21 of 1st period - Wrist shot by Brett Seney.
13:21 of 1st period - Shot Misses the Net.
13:37 of 1st period - Wrist shot by Joonas Donskoi.
13:37 of 1st period - Stopped by Samuel Ersson with a rebound.
13:51 of 1st period - Snap shot by Brett Seney.
13:51 of 1st period - Shot Misses the Net.
13:53 of 1st period - Backhand shot by Wyatt Kalynuk.
13:53 of 1st period - Shot Misses the Net.
13:55 of 1st period - Wrist shot by Joonas Donskoi.
13:55 of 1st period - Goal by Joonas Donskoi - Wolfpack : 0 - Comets : 3.
13:56 of 1st period - Nolan Patrick wins face-off versus Brett Howden in neutral zone.
14:05 of 1st period - Snap shot by Dryden Hunt.
14:05 of 1st period - Stopped by Juuse Saros with a rebound.
14:07 of 1st period - Slapshot by Derrick Pouliot.
14:07 of 1st period - Stopped by Juuse Saros without a rebound.
14:08 of 1st period - Nolan Patrick wins face-off versus Brett Howden in Comets zone.
14:41 of 1st period - Wrist shot by Andrei Altybarmakyan.
14:41 of 1st period - Stopped by Juuse Saros with a rebound.
14:57 of 1st period - Brett Seney is hit by Jeffrey Viel and loses puck.
15:02 of 1st period - Snap shot by Jake Marchment.
15:02 of 1st period - Stopped by Juuse Saros with a rebound.
15:45 of 1st period - Minor Penalty to Owen Tippet for Slashing.
15:46 of 1st period - Nolan Patrick wins face-off versus Brett Seney in Wolfpack zone.
15:55 of 1st period - Slapshot by Brett Seney.
15:55 of 1st period - Stopped by Samuel Ersson without a rebound.
15:56 of 1st period - Brett Seney wins face-off versus Nolan Patrick in Wolfpack zone.
15:59 of 1st period - Slapshot by Joonas Donskoi.
15:59 of 1st period - Shot Misses the Net.
16:01 of 1st period - Slapshot by Jake Bean.
16:01 of 1st period - Stopped by Samuel Ersson with a rebound.
16:03 of 1st period - Slapshot by Joonas Donskoi.
16:03 of 1st period - Deflect By Nolan Patrick.
16:03 of 1st period - Shot Blocked by Colton White.
16:03 of 1st period - Puck is out of play.
16:04 of 1st period - Nolan Patrick wins face-off versus Brett Seney in Wolfpack zone.
16:37 of 1st period - Wrist shot by Nolan Patrick.
16:37 of 1st period - Stopped by Juuse Saros with a rebound.
16:39 of 1st period - Slapshot by Cale Fleury.
16:39 of 1st period - Shot Blocked by Wyatt Kalynuk.
16:43 of 1st period - Wrist shot by Alexander Barabanov.
16:43 of 1st period - Goal by Alexander Barabanov - Wolfpack : 1 - Comets : 3.
16:44 of 1st period - Brett Seney wins face-off versus Nolan Patrick in neutral zone.
16:55 of 1st period - Slapshot by Brett Seney.
16:55 of 1st period - Shot Blocked by Derrick Pouliot.
16:57 of 1st period - Slapshot by Ilya Lyubushkin.
16:57 of 1st period - Stopped by Samuel Ersson with a rebound.
16:59 of 1st period - Slapshot by Christian Wolanin.
16:59 of 1st period - Shot Blocked by Dryden Hunt.
17:45 of 1st period - Penalty to Owen Tippet is over, Owen Tippet is back on ice.
17:57 of 1st period - Wrist shot by Alexandre Texier.
17:57 of 1st period - Shot Blocked by Linus Sandin.
17:59 of 1st period - Snap shot by John Hayden.
17:59 of 1st period - Shot Misses the Net.
18:01 of 1st period - Slapshot by Alexandre Texier.
18:01 of 1st period - Shot Misses the Net.
18:03 of 1st period - Slapshot by Alexandre Texier.
18:03 of 1st period - Shot Misses the Net.
18:17 of 1st period - Wrist shot by Nikita Nesterenko.
18:17 of 1st period - Shot Misses the Net.
18:36 of 1st period - Slapshot by Derrick Pouliot.
18:36 of 1st period - Stopped by Juuse Saros with a rebound.
18:38 of 1st period - Wrist shot by Alexander Barabanov.
18:38 of 1st period - Stopped by Juuse Saros without a rebound.
18:39 of 1st period - Brett Seney wins face-off versus Alex Barre-Boulet in Comets zone.
18:52 of 1st period - Slapshot by Derrick Pouliot.
18:52 of 1st period - Deflect By Brett Seney.
18:52 of 1st period - Stopped by Juuse Saros without a rebound.
18:53 of 1st period - Nolan Patrick wins face-off versus Brett Seney in Comets zone.
Goals for this period are 1 for Wolfpack vs 3 for Comets.
Shots for this period are 18 for Wolfpack vs 12 for Comets.
2nd period
0:01 of 2nd period - Brett Seney wins face-off versus Nolan Patrick in neutral zone.
1:29 of 2nd period - Snap shot by Brett Seney.
1:29 of 2nd period - Stopped by Samuel Ersson with a rebound.
1:58 of 2nd period - Wrist shot by Alex Barre-Boulet.
1:58 of 2nd period - Shot Blocked by Mason Marchment.
2:00 of 2nd period - Slapshot by Owen Tippet.
2:00 of 2nd period - Shot Misses the Net.
2:02 of 2nd period - Snap shot by Alexander Barabanov.
2:02 of 2nd period - Stopped by Juuse Saros without a rebound.
2:03 of 2nd period - Jake Marchment wins face-off versus Brett Seney in Comets zone.
2:14 of 2nd period - Backhand shot by Jake Bean.
2:14 of 2nd period - Shot Misses the Net.
2:45 of 2nd period - Minor Penalty to Nolan Patrick for High sticking.
2:46 of 2nd period - Alexander Barabanov wins face-off versus Brett Seney in Wolfpack zone.
4:14 of 2nd period - Derrick Pouliot is hit by Brett Howden and loses puck.
4:45 of 2nd period - Penalty to Nolan Patrick is over, Nolan Patrick is back on ice.
4:49 of 2nd period - Slapshot by Alexandre Texier.
4:49 of 2nd period - Stopped by Samuel Ersson with a rebound.
4:51 of 2nd period - Wrist shot by Eeli Tolvanen.
4:51 of 2nd period - Shot Blocked by Nolan Patrick.
4:53 of 2nd period - Slapshot by Marcus Bjork.
4:53 of 2nd period - Stopped by Samuel Ersson with a rebound.
4:55 of 2nd period - Slapshot by Eeli Tolvanen.
4:55 of 2nd period - Shot Blocked by Ryan Culkin.
4:57 of 2nd period - Snap shot by Vincent Desharnais.
4:57 of 2nd period - Stopped by Samuel Ersson with a rebound.
4:59 of 2nd period - Snap shot by Marcus Bjork.
4:59 of 2nd period - Stopped by Samuel Ersson with a rebound.
5:01 of 2nd period - Wrist shot by Alexandre Texier.
5:01 of 2nd period - Stopped by Samuel Ersson without a rebound.
5:02 of 2nd period - Alex Barre-Boulet wins face-off versus Nikita Nesterenko in Wolfpack zone.
5:02 of 2nd period - Alex Barre-Boulet is hit by Christian Wolanin.
6:02 of 2nd period - Wrist shot by Conor Garland.
6:02 of 2nd period - Stopped by Samuel Ersson with a rebound.
6:14 of 2nd period - Marcus Bjork is hit by Jake Marchment and loses puck.
6:23 of 2nd period - Snap shot by Linus Sandin.
6:23 of 2nd period - Shot Blocked by Marcus Bjork.
6:25 of 2nd period - Snap shot by Linus Sandin.
6:25 of 2nd period - Stopped by Juuse Saros with a rebound.
6:45 of 2nd period - Wrist shot by Joonas Donskoi.
6:45 of 2nd period - Shot Blocked by Dryden Hunt.
7:49 of 2nd period - Backhand shot by Joonas Donskoi.
7:49 of 2nd period - Stopped by Samuel Ersson without a rebound.
7:50 of 2nd period - Brett Seney wins face-off versus Nolan Patrick in Wolfpack zone.
8:04 of 2nd period - Wrist shot by Joonas Donskoi.
8:04 of 2nd period - Stopped by Samuel Ersson without a rebound.
8:05 of 2nd period - Brett Howden wins face-off versus Sebastian Collberg in Wolfpack zone.
8:06 of 2nd period - Slapshot by Conor Garland.
8:06 of 2nd period - Shot Misses the Net.
8:32 of 2nd period - Wyatt Kalynuk is hit by Linus Sandin and loses puck.
9:46 of 2nd period - Snap shot by Sebastian Collberg.
9:46 of 2nd period - Shot Misses the Net.
9:48 of 2nd period - Wrist shot by Derrick Pouliot.
9:48 of 2nd period - Stopped by Juuse Saros with a rebound.
9:50 of 2nd period - Slapshot by Sebastian Collberg.
9:50 of 2nd period - Shot Misses the Net.
10:45 of 2nd period - Icing by Alex Turcotte.
10:46 of 2nd period - Nikita Nesterenko wins face-off versus Alex Barre-Boulet in Comets zone.
10:51 of 2nd period - Ryan Culkin is hit by Christian Wolanin and loses puck.
11:10 of 2nd period - Snap shot by Alexander Barabanov.
11:10 of 2nd period - Deflect By Owen Tippet.
11:10 of 2nd period - Stopped by Juuse Saros with a rebound.
11:12 of 2nd period - Snap shot by Alexander Barabanov.
11:12 of 2nd period - Shot Misses the Net.
11:58 of 2nd period - Wrist shot by Alexander Barabanov.
11:58 of 2nd period - Shot Misses the Net.
12:00 of 2nd period - Slapshot by Ryan Culkin.
12:00 of 2nd period - Deflect By Christian Wolanin.
12:00 of 2nd period - Stopped by Juuse Saros without a rebound.
12:01 of 2nd period - Brett Seney wins face-off versus Nolan Patrick in Comets zone.
12:06 of 2nd period - Slapshot by Wyatt Kalynuk.
12:06 of 2nd period - Stopped by Samuel Ersson with a rebound.
12:17 of 2nd period - Valeri Nichushkin is hit by Derrick Pouliot and loses puck.
12:51 of 2nd period - Wrist shot by Alexandre Texier.
12:51 of 2nd period - Stopped by Samuel Ersson with a rebound.
13:07 of 2nd period - Dryden Hunt is hit by Joonas Donskoi and loses puck.
13:34 of 2nd period - Sebastian Collberg is hit by Eeli Tolvanen and loses puck.
13:45 of 2nd period - Joshua Jacobs is hit by Vincent Desharnais and loses puck.
14:02 of 2nd period - Wrist shot by Mikhail Vorobyev.
14:02 of 2nd period - Shot Misses the Net.
14:04 of 2nd period - Wrist shot by Jakub Lauko.
14:04 of 2nd period - Stopped by Juuse Saros with a rebound.
14:16 of 2nd period - Slapshot by Derrick Pouliot.
14:16 of 2nd period - Shot Misses the Net.
15:10 of 2nd period - Wrist shot by Joonas Donskoi.
15:10 of 2nd period - Shot Misses the Net.
15:34 of 2nd period - Conor Garland is hit by Nolan Patrick and loses puck.
16:25 of 2nd period - David Kase is hit by Colton White and loses puck.
16:42 of 2nd period - Slapshot by Jake Bean.
16:42 of 2nd period - Shot Misses the Net.
17:07 of 2nd period - Mason Marchment is hit by Jeffrey Viel and loses puck.
17:57 of 2nd period - Derrick Pouliot is hit by Marcus Bjork and loses puck.
18:47 of 2nd period - Nolan Patrick is hit by Jake Bean and loses puck.
19:00 of 2nd period - Jake Bean is hit by Mikhail Vorobyev and loses puck.
19:11 of 2nd period - Jake Bean is hit by Jakub Lauko.
19:44 of 2nd period - Snap shot by Linus Sandin.
19:44 of 2nd period - Stopped by Juuse Saros without a rebound.
19:45 of 2nd period - Jeffrey Viel wins face-off versus Brett Howden in Comets zone.
19:48 of 2nd period - Snap shot by Linus Sandin.
19:48 of 2nd period - Stopped by Juuse Saros without a rebound.
19:49 of 2nd period - Nolan Patrick wins face-off versus Brett Howden in Comets zone.
Goals for this period are 0 for Wolfpack vs 0 for Comets.
Shots for this period are 8 for Wolfpack vs 11 for Comets.
3rd period
0:01 of 3rd period - Brett Seney wins face-off versus Nolan Patrick in neutral zone.
0:33 of 3rd period - Wrist shot by Wyatt Kalynuk.
0:33 of 3rd period - Stopped by Samuel Ersson with a rebound.
0:35 of 3rd period - Slapshot by Wyatt Kalynuk.
0:35 of 3rd period - Stopped by Samuel Ersson without a rebound.
0:36 of 3rd period - John Hayden wins face-off versus Alex Barre-Boulet in Wolfpack zone.
0:39 of 3rd period - Snap shot by Alexandre Texier.
0:39 of 3rd period - Stopped by Samuel Ersson without a rebound.
0:40 of 3rd period - Brett Seney wins face-off versus Alex Barre-Boulet in Wolfpack zone.
1:28 of 3rd period - Slapshot by Wyatt Kalynuk.
1:28 of 3rd period - Shot Misses the Net.
2:13 of 3rd period - Wrist shot by Nikita Nesterenko.
2:13 of 3rd period - Stopped by Samuel Ersson without a rebound.
2:14 of 3rd period - Brett Seney wins face-off versus Nolan Patrick in Wolfpack zone.
2:41 of 3rd period - Ilya Lyubushkin is hit by Owen Tippet and loses puck.
2:49 of 3rd period - Off-side.
2:50 of 3rd period - Brett Seney wins face-off versus Alex Barre-Boulet in neutral zone.
3:22 of 3rd period - Slapshot by Jake Marchment.
3:22 of 3rd period - Stopped by Juuse Saros with a rebound.
3:24 of 3rd period - Snap shot by Jake Marchment.
3:24 of 3rd period - Shot Misses the Net.
3:26 of 3rd period - Wrist shot by Jeffrey Viel.
3:26 of 3rd period - Stopped by Juuse Saros without a rebound.
3:27 of 3rd period - Jake Marchment wins face-off versus Brett Howden in Comets zone.
3:36 of 3rd period - Slapshot by Jake Marchment.
3:36 of 3rd period - Stopped by Juuse Saros without a rebound.
3:37 of 3rd period - Brett Howden wins face-off versus Nolan Patrick in Comets zone.
3:37 of 3rd period - Brett Howden is hit by Colton White.
3:49 of 3rd period - Snap shot by Conor Garland.
3:49 of 3rd period - Shot Misses the Net.
4:12 of 3rd period - Off-side.
4:13 of 3rd period - Brett Seney wins face-off versus Alex Barre-Boulet in neutral zone.
4:42 of 3rd period - Wrist shot by Sebastian Collberg.
4:42 of 3rd period - Shot Misses the Net.
5:01 of 3rd period - Off-side.
5:02 of 3rd period - Jake Marchment wins face-off versus Brett Howden in neutral zone.
5:34 of 3rd period - Wrist shot by Jake Marchment.
5:34 of 3rd period - Stopped by Juuse Saros with a rebound.
5:36 of 3rd period - Slapshot by Jake Marchment.
5:36 of 3rd period - Goal by Jake Marchment - Wolfpack : 2 - Comets : 3.
5:37 of 3rd period - Brett Seney wins face-off versus Nolan Patrick in neutral zone.
6:02 of 3rd period - Owen Tippet is hit by Conor Garland and loses puck.
6:48 of 3rd period - Slapshot by Ryan Culkin.
6:48 of 3rd period - Stopped by Juuse Saros with a rebound.
7:58 of 3rd period - Minor Penalty to Jake Bean for Slashing.
7:59 of 3rd period - Brett Seney wins face-off versus Nolan Patrick in Comets zone.
8:09 of 3rd period - Off-side.
8:10 of 3rd period - Brett Seney wins face-off versus Nolan Patrick in neutral zone.
8:53 of 3rd period - Snap shot by Brett Howden.
8:53 of 3rd period - Stopped by Samuel Ersson with a rebound.
9:58 of 3rd period - Penalty to Jake Bean is over, Jake Bean is back on ice.
10:28 of 3rd period - Wrist shot by Andrei Altybarmakyan.
10:28 of 3rd period - Stopped by Juuse Saros without a rebound.
10:29 of 3rd period - Mikhail Vorobyev wins face-off versus Brett Howden in Comets zone.
10:38 of 3rd period - Snap shot by Mikhail Vorobyev.
10:38 of 3rd period - Shot Blocked by Brett Howden.
11:23 of 3rd period - Snap shot by Nolan Patrick.
11:23 of 3rd period - Deflect By Sebastian Collberg.
11:23 of 3rd period - Deflect By Wyatt Kalynuk.
11:23 of 3rd period - Stopped by Juuse Saros without a rebound.
11:24 of 3rd period - Owen Tippet wins face-off versus Brett Howden in Comets zone.
11:33 of 3rd period - Conor Garland is hit by Ryan Culkin and loses puck.
11:51 of 3rd period - Christian Wolanin is hit by Dryden Hunt and loses puck.
12:10 of 3rd period - Snap shot by Derrick Pouliot.
12:10 of 3rd period - Stopped by Juuse Saros with a rebound.
12:12 of 3rd period - Snap shot by Jeffrey Viel.
12:12 of 3rd period - Shot Misses the Net.
12:14 of 3rd period - Wrist shot by Jake Marchment.
12:14 of 3rd period - Stopped by Juuse Saros with a rebound.
12:16 of 3rd period - Snap shot by Jake Marchment.
12:16 of 3rd period - Deflect By Eeli Tolvanen.
12:16 of 3rd period - Shot Blocked by John Hayden.
12:16 of 3rd period - Puck is out of play.
12:17 of 3rd period - Nolan Patrick wins face-off versus Brett Seney in Comets zone.
12:44 of 3rd period - Christian Wolanin is hit by Colton White and loses puck.
13:31 of 3rd period - Snap shot by Nolan Patrick.
13:31 of 3rd period - Shot Misses the Net.
14:03 of 3rd period - Backhand shot by Wyatt Kalynuk.
14:03 of 3rd period - Stopped by Samuel Ersson with a rebound.
14:05 of 3rd period - Wrist shot by Brett Howden.
14:05 of 3rd period - Shot Misses the Net.
14:07 of 3rd period - Slapshot by Wyatt Kalynuk.
14:07 of 3rd period - Shot Blocked by Derrick Pouliot.
14:11 of 3rd period - Snap shot by Brett Howden.
14:11 of 3rd period - Stopped by Samuel Ersson with a rebound.
14:13 of 3rd period - Wrist shot by Brett Howden.
14:13 of 3rd period - Shot Blocked by Alex Barre-Boulet.
14:23 of 3rd period - Vincent Desharnais is hit by Jake Marchment and loses puck.
15:32 of 3rd period - Snap shot by Alex Turcotte.
15:32 of 3rd period - Shot Misses the Net.
15:34 of 3rd period - Slapshot by David Kase.
15:34 of 3rd period - Shot Misses the Net.
15:36 of 3rd period - Slapshot by Ilya Lyubushkin.
15:36 of 3rd period - Stopped by Samuel Ersson without a rebound.
15:37 of 3rd period - Nolan Patrick wins face-off versus Brett Seney in Wolfpack zone.
15:37 of 3rd period - Nolan Patrick is hit by Brett Seney.
15:40 of 3rd period - Minor Penalty to Nolan Patrick for Delaying the game.
15:41 of 3rd period - Brett Seney wins face-off versus Alexander Barabanov in Wolfpack zone.
15:57 of 3rd period - Snap shot by Joonas Donskoi.
15:57 of 3rd period - Shot Misses the Net.
16:50 of 3rd period - Conor Garland is hit by Jeffrey Viel and loses puck.
16:59 of 3rd period - Jake Bean is hit by Derrick Pouliot and loses puck.
17:40 of 3rd period - Penalty to Nolan Patrick is over, Nolan Patrick is back on ice.
18:17 of 3rd period - Wrist shot by Alexandre Texier.
18:17 of 3rd period - Shot Misses the Net.
18:19 of 3rd period - Snap shot by Alexandre Texier.
18:19 of 3rd period - Shot Blocked by Derrick Pouliot.
18:21 of 3rd period - Snap shot by Eeli Tolvanen.
18:21 of 3rd period - Shot Blocked by Nolan Patrick.
18:45 of 3rd period - Wolfpack, Samuel Ersson is pulled from the net.
18:45 of 3rd period - Slapshot by Mikhail Vorobyev.
18:45 of 3rd period - Shot Misses the Net.
18:47 of 3rd period - Snap shot by Mikhail Vorobyev.
18:47 of 3rd period - Shot Misses the Net.
18:59 of 3rd period - Snap shot by Mikhail Vorobyev.
18:59 of 3rd period - Shot Misses the Net.
19:01 of 3rd period - Wrist shot by Mikhail Vorobyev.
19:01 of 3rd period - Deflect By Alexander Barabanov.
19:01 of 3rd period - Shot Blocked by Marcus Bjork.
19:01 of 3rd period - Puck is out of play.
19:02 of 3rd period - Jack Capuano call a timeout for Wolfpack.
19:02 of 3rd period - Brett Seney wins face-off versus Dryden Hunt in Comets zone.
19:21 of 3rd period - Wrist shot by Valeri Nichushkin.
19:21 of 3rd period - Shot Misses the Net.
19:33 of 3rd period - Snap shot by Conor Garland.
19:33 of 3rd period - Shot Misses the Net.
19:35 of 3rd period - Slapshot by Christian Wolanin.
19:35 of 3rd period - Shot Misses the Net.
19:37 of 3rd period - Snap shot by Brett Seney.
19:37 of 3rd period - Goal by Brett Seney - Wolfpack : 2 - Comets : 4.
19:37 of 3rd period - Samuel Ersson from Wolfpack was sent back in the game.
19:38 of 3rd period - Brett Seney wins face-off versus Jake Marchment in neutral zone.
19:43 of 3rd period - Jake Marchment is hit by Valeri Nichushkin and loses puck.
Goals for this period are 1 for Wolfpack vs 1 for Comets.
Shots for this period are 10 for Wolfpack vs 9 for Comets.
Output by the SimonT Hockey Simulator (STHS) for Francois Prevost